 Dungeon Crawl Stone Soup version 0.26.1-2-gb8aa6d0cf2 (webtiles) character file.

Game seed: 88634963526226505

60 Hanon the Insei (level 3, -6/28 HPs)
             Began as a Demigod Transmuter on Feb 28, 2021.
             Killed from afar by an orc wizard (10 damage)
             ... with a magic dart
             ... on level 2 of the Dungeon.
             The game lasted 00:05:02 (2164 turns).

Hanon the Insei (Demigod Transmuter)                Turns: 2164, Time: 00:05:03

Health: -6/28      AC:  2    Str: 13    XL:     3   Next: 57%
Magic:  3/9        EV: 13    Int: 19    God:
Gold:   28         SH:  0    Dex: 16    Spells: 0/6 levels left

rFire    . . .     SeeInvis .     - Unarmed
rCold    + . .     Faith    .   (no shield)
rNeg     . . .     Spirit   .   c - +0 robe {rC+}
rPois    .         Reflect  .   (helmet currently unavailable)
rElec    .         Harm     .   (no cloak)
rCorr    .         Rampage  .   (no gloves)
Will     .....                  (boots currently unavailable)
Stlth    +.........             (no amulet)
HPRegen  0.09/turn              (no ring)
MPRegen  0.11/turn              (no ring)

@: appendages (expiring), wereblooded
A: horns 2, talons 2, high mp 1
a: End Transformation


You were on level 2 of the Dungeon.
You had grown temporary horns.
You had grown temporary talons.
You visited 1 branch of the dungeon, and saw 2 of its levels.

You collected 28 gold pieces.

Inventory:

Armour
 a - a +1 robe
 c - a +0 robe of cold resistance (worn)
Scrolls
 b - a scroll of immolation
 j - a scroll of remove curse
Potions
 d - 2 potions of lignification
 k - a potion of attraction


   Skills:
 + Level 1.5 Fighting
 + Level 2.3 Dodging
 + Level 3.0 Unarmed Combat
 + Level 2.2 Spellcasting
 + Level 2.2 Transmutations
 + Level 0.2 Poison Magic


You couldn't memorise any spells.
You knew the following spells:

 Your Spells              Type           Power        Failure   Level
a - Beastly Appendage     Tmut           20%          6%          1
b - Wereblood             Tmut           10%          10%         2
c - Spider Form           Tmut/Pois      3%           28%         3

Your spell library contained the following spells:

 Spells                   Type           Power        Failure   Level
 Ice Form                 Ice/Tmut       6%           71%         4
 Blade Hands              Tmut           5%           87%         5


Dungeon Overview and Level Annotations

Branches:
Dungeon (2/15)


Innate Abilities, Weirdness & Mutations

You have an increased reservoir of magic. (+10% MP)
You have a pair of horns on your head.
You have razor-sharp toenails.


Message History

You closely miss the kobold. Your kick misses the kobold.
The kobold hits you with a +1 short sword of electrocution.
You are electrocuted!
Ouch! That really hurt!
* * * LOW HITPOINT WARNING * * *
You hit the kobold.
The kobold is severely wounded.
The kobold misses you.
You hit the kobold.
You kill the kobold!
Things that are here:
a +1 short sword of electrocution; a kobold corpse Your transformation is almost over.
Your magical contamination has completely faded away.
The orc wizard gestures wildly while chanting.
The orc wizard seems to speed up.
You howl as the wereblood boils in your veins!
The orc wizard gestures at you while chanting.
The magic dart hits you!
You die...

#..........# #.#* *,,,,,,,*,,,,,,
#.........## #..###.#****,,,,,,,,
#..........# **...#.### ***,,,,,,
#..........## **#.....# **,,,,,,*
#...........# #...#.# *,,,,,,,*
#####.#####.# #.....##***,,,,,,
..#.....###.#####.##...,,,,,,,,,*
.........<...#.....#.##****,,,,,,
................@.....#####..o,.,
............†........>.o........,
.....................#.####.....*
........................)......#*
................................*
................................,
..#..........†..................,
########.....#.^................,
#..........#.............,


You could see an orc wizard (fast).

Vanquished Creatures
  An adder (D:2)
  A worm (D:2)
  A dart slug (D:2)
  A leopard gecko (D:2)
  A ball python (D:1)
  4 bats
  2 giant cockroaches (D:1)
  6 goblins
  A hobgoblin (D:2)
  3 jackals (D:2)
  8 kobolds
  12 frilled lizards
  3 rats
44 creatures vanquished.

Vanquished Creatures (others)
  4 plants (D:1)
4 creatures vanquished.

Grand Total: 48 creatures vanquished

Notes
Turn   | Place    | Note
-------+----------+-------------------------------------------
     0 | D:1      | Hanon the Demigod Transmuter began the quest for the Orb.
     0 | D:1      | Reached XP level 1. HP: 15/15 MP: 5/5
    58 | D:1      | Reached skill level 1 in Fighting
   551 | D:1      | Reached XP level 2. HP: 23/23 MP: 5/7
   561 | D:1      | Learned a level 2 spell: Wereblood
  1423 | D:2      | Noticed an orc warrior
  1564 | D:2      | Reached skill level 3 in Unarmed Combat
  1578 | D:2      | Reached XP level 3. HP: 14/28 MP: 4/8
  1614 | D:2      | Learned a level 3 spell: Spider Form
  2164 | D:2      | Killed from afar by an orc wizard

Illustrated notes

Levels and vault maps discovered:
D:1:      tarquinn_simple_flora_water_d, layout_basic, serial_forest,
          infiniplex_forest_clump_small, infiniplex_forest_clump_double,
          infiniplex_forest_end_double, infiniplex_forest_3_way,
          infiniplex_forest_side_room, infiniplex_forest_clump_medium,
          infiniplex_forest_lined_ring, infiniplex_forest_clump_small,
          minmay_misc_feat_pillars
D:2:      layout_rooms, minmay_lizard_pond

Skill      XL: |  1  2 |
---------------+-------+-----
Fighting       | 1 |  1.5
Dodging        | 2 |  2.3
Transmutations | 2 |  2.2
Spellcasting   | 2 |  2.2
Unarmed Combat | 3 |  3.0
Poison Magic   | |  0.2

Action                   || total
-------------------------++-------
Melee: Unarmed           ||    97
       Kick              ||    16
       Headbutt          ||    14
       Punch             ||     1
 Cast: Beastly Appendage ||    28
       Wereblood         ||     6
  Use: Scroll            ||     8
 Stab: Sleeping          ||     1
Armor: Robe              ||    10
Dodge: Dodged            ||    52
